General information
			
			
        
        - name: BNet
 
        - type: Ladder team game (AT/RT)
 
        - host: Battle.net
 
        - saver: TIMeGSILENTe
 
        
map: Deadlock 
        - players: 8
 
        - length: 11:55
 
        - speed: Fast
 - version: 1.22 W3XP
 - replay type:  Public
 
» download(128 KB)
Players
        team 1 (winner) 
              
              
298739283939208 (
purple | 92 APM | 1092 actions | 11:53)
              
 1 Warden 
 1 Shadow Strike
 
                » actions 
                
                | Assign group hotkey | 27 |  | 
| Build / train | 41 |  | 
| Enter build submenu | 7 |  | 
| Enter hero's abilities submenu | 1 |  | 
| Right click | 510 |  | 
| Select / deselect | 143 |  | 
| Select group hotkey | 338 |  | 
| Use ability | 25 |  | 
                1092 total
 » units 
                » buildings
                
                | Altar of Elders | 1 |  | 
| Moon Well | 1 |  | 
| Tree of Life | 3 |  | 
                5 total
 » build order
                00:10 Altar of Elders
00:21 Moon Well
05:12 Tree of Life
05:46 Tree of Life
06:49 Tree of Life
» items
                
                | Lesser Clarity Potion | 1 |  | 
| Healing Salve | 1 |  | 
                2 total
  
               
              
              
KNIFE]NOOBELF (
green | 72 APM | 855 actions | 11:53)
              
 3 Blademaster 
 2 Wind Walk
 1 Critical Strike
 
                » actions 
                
                | Assign group hotkey | 59 |  | 
| Basic commands | 3 |  | 
| Build / train | 27 |  | 
| Enter build submenu | 10 |  | 
| Enter hero's abilities submenu | 3 |  | 
| Remove unit from queue | 1 |  | 
| Right click | 471 |  | 
| Select / deselect | 65 |  | 
| Select group hotkey | 189 |  | 
| Use ability | 27 |  | 
                855 total
 » units 
                » buildings
                
                | Altar of Storms | 3 |  | 
| Orc Burrow | 2 |  | 
| Voodoo Lounge | 1 |  | 
| War Mill | 1 |  | 
| Watch Tower | 2 |  | 
                9 total
 » build order
                00:10 Altar of Storms
00:11 Altar of Storms
00:13 Altar of Storms
00:21 Orc Burrow
00:37 Voodoo Lounge
01:28 War Mill
02:41 Watch Tower
02:46 Watch Tower
11:24 Orc Burrow
» items
                
                | Healing Salve | 1 |  | 
| Lesser Clarity Potion | 4 |  | 
| Boots of Speed | 1 |  | 
| Staff of Teleportation | 1 |  | 
| Tiny Great Hall | 1 |  | 
                8 total
  
               
              
              
TIMeGSILENTe (
red | 160 APM | 1913 actions | 11:55)
              
 3 Shadow Hunter 
 1 Hex
 2 Healing Wave
 2 Tauren Chieftain 
 1 Endurance Aura
 1 Shockwave
 
                » actions 
                
                | Assign group hotkey | 22 |  | 
| Basic commands | 88 |  | 
| Build / train | 47 |  | 
| ESC pressed | 4 |  | 
| Enter build submenu | 17 |  | 
| Enter hero's abilities submenu | 5 |  | 
| Give item / drop item | 6 |  | 
| Right click | 676 |  | 
| Select / deselect | 143 |  | 
| Select group hotkey | 860 |  | 
| Use ability | 45 |  | 
                1913 total
 » units 
                
                | Peon | 7 |  | 
| Grunt | 4 |  | 
| Shaman | 3 |  | 
| Kodo Beast | 1 |  | 
| Troll Witch Doctor | 1 |  | 
| Tauren | 4 |  | 
                20 total
 » upgrades
                
                | Armor | 1 |  | 
| Spiked Barricades | 1 |  | 
| Shaman Training | 2 |  | 
| Witch Doctor Training | 2 |  | 
| War Drums Damage Increase | 1 |  | 
| Reinforced Defenses | 1 |  | 
| Pulverize | 1 |  | 
| Melee Weapons | 1 |  | 
                10 total
 » buildings
                
                | Altar of Storms | 1 |  | 
| Orc Burrow | 7 |  | 
| Barracks | 1 |  | 
| Stronghold | 4 |  | 
| War Mill | 1 |  | 
| Voodoo Lounge | 1 |  | 
| Fortress | 1 |  | 
| Spirit Lodge | 2 |  | 
| Beastiary | 1 |  | 
| Tauren Totem | 2 |  | 
                21 total
 » build order
                00:05 Altar of Storms
00:17 Orc Burrow
00:40 Barracks
01:06 Orc Burrow
02:09 Stronghold
02:09 Stronghold
02:10 Stronghold
03:01 War Mill
03:27 Voodoo Lounge
03:46 Orc Burrow
03:49 Orc Burrow
03:52 Orc Burrow
04:35 Fortress
04:43 Spirit Lodge
04:44 Spirit Lodge
05:01 Beastiary
05:26 Orc Burrow
05:28 Orc Burrow
07:01 Tauren Totem
07:02 Tauren Totem
» items
                
                | Healing Salve | 1 |  | 
| Orb of Lightning | 1 |  | 
| Lesser Clarity Potion | 2 |  | 
| Potion of Mana | 1 |  | 
                5 total
  
               
              
              
YEAHSHESASSBATS (
orange | 111 APM | 1323 actions | 11:53)
              
 3 Death Knight 
 2 Death Coil
 1 Unholy Aura
 2 Lich 
 1 Frost Nova
 1 Dark Ritual
 2 Dreadlord 
 1 Sleep
 1 Carrion Swarm
 
                » actions 
                
                | Assign group hotkey | 19 |  | 
| Basic commands | 131 |  | 
| Build / train | 47 |  | 
| Enter build submenu | 15 |  | 
| Enter hero's abilities submenu | 10 |  | 
| Right click | 578 |  | 
| Select / deselect | 178 |  | 
| Select group hotkey | 283 |  | 
| Use ability | 62 |  | 
                1323 total
 » units 
                
                | Acolyte | 2 |  | 
| Ghoul | 1 |  | 
| Crypt Fiend | 9 |  | 
| Frost Wyrm | 4 |  | 
                16 total
 » upgrades
                
                | Creature Attack | 3 |  | 
| Web | 1 |  | 
| Creature Carapace | 1 |  | 
                5 total
 » buildings
                
                | Crypt | 1 |  | 
| Graveyard | 1 |  | 
| Altar of Darkness | 1 |  | 
| Ziggurat | 7 |  | 
| Tomb of Relics | 1 |  | 
| Halls of the Dead | 5 |  | 
| Black Citadel | 1 |  | 
| Sacrificial Pit | 1 |  | 
| Boneyard | 2 |  | 
                20 total
 » build order
                00:05 Crypt
00:20 Graveyard
00:42 Altar of Darkness
00:53 Ziggurat
01:09 Tomb of Relics
01:51 Ziggurat
02:12 Halls of the Dead
02:12 Halls of the Dead
02:12 Halls of the Dead
02:13 Halls of the Dead
02:51 Ziggurat
04:05 Ziggurat
04:34 Black Citadel
04:37 Sacrificial Pit
06:24 Ziggurat
07:00 Boneyard
07:06 Boneyard
08:52 Ziggurat
11:19 Ziggurat
» items
                
                | Rod of Necromancy | 3 |  | 
| Lesser Clarity Potion | 2 |  | 
| Scroll of Town Portal | 1 |  | 
| Orb of Corruption | 1 |  | 
| Potion of Mana | 1 |  | 
| Scroll of Healing | 1 |  | 
                9 total
  
               team 2 (loser) 
              
              
66Dragon6 (
teal | 93 APM | 1106 actions | 11:52)
              
 2 Tauren Chieftain 
 1 War Stomp
 1 Endurance Aura
 1 Shadow Hunter 
 1 Hex
 
                » actions 
                
                | Assign group hotkey | 18 |  | 
| Basic commands | 1 |  | 
| Build / train | 38 |  | 
| Enter build submenu | 11 |  | 
| Enter hero's abilities submenu | 3 |  | 
| Right click | 583 |  | 
| Select / deselect | 140 |  | 
| Select group hotkey | 278 |  | 
| Use ability | 34 |  | 
                1106 total
 » units 
                » buildings
                
                | Altar of Storms | 1 |  | 
| Orc Burrow | 3 |  | 
| Barracks | 1 |  | 
| Voodoo Lounge | 1 |  | 
| Stronghold | 1 |  | 
| War Mill | 1 |  | 
| Fortress | 1 |  | 
| Great Hall | 1 |  | 
| Spirit Lodge | 2 |  | 
                12 total
 » build order
                00:07 Altar of Storms
00:12 Orc Burrow
00:40 Barracks
01:28 Orc Burrow
03:17 Voodoo Lounge
03:35 Stronghold
04:12 Orc Burrow
05:01 War Mill
07:41 Fortress
08:15 Great Hall
10:35 Spirit Lodge
10:36 Spirit Lodge
» items
                
                | Boots of Speed | 1 |  | 
| Dust of Appearance | 1 |  | 
| Healing Salve | 1 |  | 
| Lesser Clarity Potion | 1 |  | 
                4 total
  
               
              
              
Aw]Nevermind (
blue | 105 APM | 1239 actions | 11:47)
              
 3 Death Knight 
 2 Death Coil
 1 Unholy Aura
 1 Lich 
 1 Frost Nova
 
                » actions 
                
                | Assign group hotkey | 15 |  | 
| Basic commands | 14 |  | 
| Build / train | 44 |  | 
| Enter build submenu | 10 |  | 
| Enter hero's abilities submenu | 4 |  | 
| Give item / drop item | 1 |  | 
| Right click | 484 |  | 
| Select / deselect | 449 |  | 
| Select group hotkey | 171 |  | 
| Use ability | 47 |  | 
                1239 total
 » units 
                
                | Acolyte | 4 |  | 
| Ghoul | 1 |  | 
| Crypt Fiend | 15 |  | 
| Obsidian Statue | 1 |  | 
                21 total
 » upgrades
                » buildings
                
                | Altar of Darkness | 2 |  | 
| Crypt | 1 |  | 
| Graveyard | 1 |  | 
| Ziggurat | 4 |  | 
| Tomb of Relics | 1 |  | 
| Halls of the Dead | 1 |  | 
| Slaughterhouse | 1 |  | 
| Black Citadel | 1 |  | 
                12 total
 » build order
                00:10 Altar of Darkness
00:12 Crypt
00:15 Graveyard
00:45 Altar of Darkness
01:00 Ziggurat
01:32 Tomb of Relics
02:37 Ziggurat
03:33 Ziggurat
05:03 Halls of the Dead
07:07 Ziggurat
07:59 Slaughterhouse
11:24 Black Citadel
» items
                
                | Rod of Necromancy | 1 |  | 
| Dust of Appearance | 3 |  | 
| Lesser Clarity Potion | 1 |  | 
| Healing Salve | 1 |  | 
| Scroll of Speed | 1 |  | 
| Scroll of Town Portal | 1 |  | 
                8 total
  
               
              
              
RyeBreadFTW (
pink | 104 APM | 1233 actions | 11:52)
              
 3 Archmage 
 2 Summon Water Elemental
 1 Brilliance Aura
 1 Mountain King 
 1 Storm Bolt
 
                » actions 
                
                | Assign group hotkey | 26 |  | 
| Basic commands | 17 |  | 
| Build / train | 57 |  | 
| ESC pressed | 1 |  | 
| Enter build submenu | 35 |  | 
| Enter hero's abilities submenu | 4 |  | 
| Right click | 539 |  | 
| Select / deselect | 148 |  | 
| Select group hotkey | 359 |  | 
| Use ability | 47 |  | 
                1233 total
 » units 
                
                | Peasant | 27 |  | 
| Footman | 6 |  | 
| Dragonhawk Rider | 1 |  | 
                34 total
 » upgrades
                
                | Defend | 1 |  | 
| Masonry | 1 |  | 
| Lumber Harvesting | 1 |  | 
| Swords | 1 |  | 
| Armor | 1 |  | 
                5 total
 » buildings
                
                | Altar of Kings | 1 |  | 
| Barracks | 1 |  | 
| Farm | 9 |  | 
| Lumber Mill | 1 |  | 
| Scout Tower | 13 |  | 
| Arcane Tower | 2 |  | 
| Arcane Vault | 3 |  | 
| Town Hall | 1 |  | 
| Keep | 1 |  | 
| Blacksmith | 1 |  | 
| Guard Tower | 3 |  | 
| Gryphon Aviary | 3 |  | 
| Castle | 1 |  | 
                40 total
 » build order
                00:08 Altar of Kings
00:24 Barracks
00:34 Farm
01:04 Farm
01:13 Lumber Mill
01:50 Scout Tower
01:55 Farm
02:19 Arcane Tower
02:52 Farm
03:39 Scout Tower
03:49 Arcane Vault
03:53 Arcane Vault
04:09 Town Hall
04:44 Arcane Tower
04:58 Scout Tower
05:57 Keep
06:01 Scout Tower
06:03 Scout Tower
06:08 Scout Tower
06:10 Scout Tower
06:12 Scout Tower
06:31 Blacksmith
06:41 Scout Tower
06:43 Scout Tower
06:44 Scout Tower
07:17 Guard Tower
08:02 Scout Tower
08:03 Scout Tower
08:04 Guard Tower
08:36 Arcane Vault
09:55 Guard Tower
09:57 Gryphon Aviary
09:59 Gryphon Aviary
10:30 Gryphon Aviary
10:48 Farm
10:48 Farm
10:51 Farm
10:52 Farm
11:30 Castle
11:32 Farm
» items
                
                | Scroll of Regeneration | 2 |  | 
| Potion of Healing | 1 |  | 
| Potion of Mana | 1 |  | 
                4 total
  
               
              
              
sorry_sir (
yellow | 93 APM | 1099 actions | 11:51)
              
 2 Priestess of the Moon 
 1 Searing Arrows
 1 Trueshot Aura
 1 Keeper of the Grove 
 1 Entangling Roots
 
                » actions 
                
                | Assign group hotkey | 13 |  | 
| Basic commands | 8 |  | 
| Build / train | 61 |  | 
| ESC pressed | 2 |  | 
| Enter build submenu | 14 |  | 
| Enter hero's abilities submenu | 3 |  | 
| Remove unit from queue | 1 |  | 
| Right click | 496 |  | 
| Select / deselect | 398 |  | 
| Select group hotkey | 79 |  | 
| Use ability | 24 |  | 
                1099 total
 » units 
                » upgrades
                
                | Strength of the Moon | 2 |  | 
| Moon Armor | 2 |  | 
| Improved Bows | 1 |  | 
| Hippogryph Taming | 1 |  | 
                6 total
 » buildings
                
                | Altar of Elders | 1 |  | 
| Moon Well | 5 |  | 
| Ancient of War | 2 |  | 
| Hunter's Hall | 2 |  | 
| Tree of Life | 1 |  | 
| Tree of Ages | 5 |  | 
| Ancient of Wind | 4 |  | 
| Tree of Eternity | 2 |  | 
                22 total
 » build order
                00:04 Altar of Elders
00:19 Moon Well
00:48 Ancient of War
01:42 Ancient of War
01:53 Moon Well
03:42 Hunter's Hall
03:52 Moon Well
04:44 Tree of Life
05:11 Tree of Ages
05:11 Tree of Ages
05:12 Tree of Ages
05:12 Tree of Ages
06:45 Hunter's Hall
08:06 Ancient of Wind
08:07 Ancient of Wind
09:18 Ancient of Wind
09:18 Ancient of Wind
10:01 Moon Well
10:41 Moon Well
11:28 Tree of Eternity
11:28 Tree of Eternity
 
                Chat log
          (00:04 / All) 66Dragon6: hi
(00:07 / All) YEAHSHESASSBATS: shut up faggot
(00:12 / All) TIMeGSILENTe: post dis 1 in da veeg LOL!
(00:13 / All) 298739283939208: HI DRAGON
(00:20 / All) RyeBreadFTW: SEE NOW I FEEL SALTY THAT I WENT HUMAN
(00:25 / All) sorry_sir: BZRK FAGS!
(00:29 / All) YEAHSHESASSBATS: No..
(00:35 / All) 298739283939208: shut up smelly
(00:35 / All) TIMeGSILENTe: clan towa #1
(00:46 / All) YEAHSHESASSBATS: Smelly indian fucking idiot
(00:53 / All) Aw]Nevermind: you guys are such trash
(00:56 / All) TIMeGSILENTe: this is for all those times you guys didn't like me in wgdf............
(00:57 / All) Aw]Nevermind: shut up and get on your kneves
(01:01 / All) TIMeGSILENTe: kneves
(01:07 / All) sorry_sir: DON'T SUICIDE NOW
(01:21 / All) 298739283939208: GOOD ONE
(01:21 / All) YEAHSHESASSBATS: "terrorist"
(01:24 / All) 66Dragon6: i suck with orc
(01:25 / All) 66Dragon6: be nice
(01:28 / All) YEAHSHESASSBATS: can you shut up
(01:34 / All) YEAHSHESASSBATS: jesus
(01:34 / All) Aw]Nevermind: no u
(01:37 / All) TIMeGSILENTe: "with orc"
(01:39 / All) 298739283939208: HELLO
(01:49 / All) YEAHSHESASSBATS: I suck with all races
(01:53 / All) YEAHSHESASSBATS: Accurate
(01:56 / All) Aw]Nevermind: you suck at life
(01:58 / All) Aw]Nevermind: to be accurate.
(02:03 / All) YEAHSHESASSBATS: you are 50% in solo
(02:05 / All) YEAHSHESASSBATS: accurate
(02:14 / All) 66Dragon6: lose more ghouls to creeps
(02:19 / All) YEAHSHESASSBATS: Shut up idiot.
(02:25 / All) 298739283939208: THATS A PRETTY LOW BLOW THERE DRAGON
(02:30 / All) 66Dragon6: i know
(02:32 / All) Aw]Nevermind: Ironic, given the source.
(02:41 / All) YEAHSHESASSBATS: The source being some indian faggot.
(02:47 / All) Aw]Nevermind: thats' you
(02:55 / All) YEAHSHESASSBATS: not really
(02:56 / All) sorry_sir: NA HE'S VIET TRASH
(03:00 / All) sorry_sir: I FUCKED A VIET BEFORE
(03:02 / All) sorry_sir: DID I TELL YOU?
(03:08 / All) Aw]Nevermind: his mom i assume
(03:08 / All) TIMeGSILENTe: why are you talking in caps
(03:13 / All) Aw]Nevermind: you never get tired of old pussy
(03:14 / All) YEAHSHESASSBATS: no you didn't
(03:14 / All) Aw]Nevermind: do you
(03:16 / All) YEAHSHESASSBATS: your a virgin
(03:17 / All) TIMeGSILENTe: that shit stopped being funny 2004
(03:21 / All) sorry_sir: LOL
(03:23 / All) YEAHSHESASSBATS: LOL
(03:27 / All) sorry_sir: I'M A VIRGIN LOL
(03:36 / All) 298739283939208: DRAGON TT
(03:46 / All) 298739283939208: I HAD TO
(05:46 / All) RyeBreadFTW: DID WE WIN YET?
(05:48 / All) RyeBreadFTW: I DO COCAINE
(06:09 / All) KNIFE]NOOBELF: bye
(06:14 / All) sorry_sir: U SO SKILLFUL!!
(06:17 / All) YEAHSHESASSBATS: yesus christ
(06:18 / All) YEAHSHESASSBATS: nevermind
(06:32 / All) YEAHSHESASSBATS: -.-
(07:24 / All) 298739283939208: smelly indian do your hipporider tech with 2x hunter hall
(07:31 / All) YEAHSHESASSBATS: rofl
(08:47 / All) YEAHSHESASSBATS: lol
(08:49 / All) YEAHSHESASSBATS: -.-
(10:09 / All) YEAHSHESASSBATS: over
(10:10 / All) YEAHSHESASSBATS: leave
(10:15 / All) RyeBreadFTW: GO AHEAD
(10:18 / All) 66Dragon6: sorry_sir is not with us
(10:22 / All) 66Dragon6: in any fight
(10:23 / All) 66Dragon6: gg
(10:23 / All) YEAHSHESASSBATS: u suck
(10:30 / All) 298739283939208: I LOVE YOU DRAGON
(10:54 / All) Aw]Nevermind: damn
(10:56 / All) Aw]Nevermind: these kids are so bad
(10:57 / All) Aw]Nevermind: tbh
(11:01 / All) YEAHSHESASSBATS: u suck
(11:03 / All) YEAHSHESASSBATS: nevermind
(11:42 / All) sorry_sir: ur lucky u guys don't havelives and play every night
(11:46 / All) TIMeGSILENTe: lmao
(11:49 / All) TIMeGSILENTe: 1v1?
(11:51 / All) YEAHSHESASSBATS: u suck
(11:52 / All) YEAHSHESASSBATS: Sorrysir